 Dungeon Crawl Stone Soup version 0.25-a0-44-g29a1220a87 (webtiles) character file.

Game seed: 16838467120052489269, levelgen mode: deterministic

21145 iamserjio the Nimble (level 12, -3/67 HPs)
             Began as a Felid Chaos Knight on Oct 25, 2019.
             Was a Plaything of Xom.
             Slain by a skeletal warrior
             ... wielding a +0 mace
              (17 damage)
             ... on level 14 of the Dungeon.
             The game lasted 00:37:15 (20654 turns).

iamserjio the Nimble (Felid Chaos Knight)          Turns: 20654, Time: 00:37:16

Health: -3/67      AC:  4    Str:  9    XL:     12   Next: 51%
Magic:  22/22      EV: 31    Int: 17    God:    Xom [.*....]
Gold:   902        SH:  0    Dex: 18    Spells: 7/23 levels left
                                        Lives:  0   Deaths: 3

rFire    . . .     SeeInvis +     - Unarmed
rCold    + + .     Gourm    .   (shield unavailable)
rNeg     . . .     Faith    .   (armour unavailable)
rPois    .         Spirit   .   (helmet unavailable)
rElec    .         Reflect  .   (cloak unavailable)
rCorr    .         Harm     .   (gloves unavailable)
MR       +++..     Clarity  +   (boots unavailable)
Stlth    +++.......             d - amulet of rage
HPRegen  0.21/turn              I - ring of stealth
MPRegen  0.18/turn              r - +1 ring of protection

@: studying Fighting, quick
A: very small, no armour, no weapons or thrown items, stealth, claws 1, fangs 3,
horns 1, thin skeletal structure 1, see invisible, carnivore, clarity, cold
resistance 1, speed 1, magic resistance 2, sense surroundings 1, robust 1,
shaggy fur 3, slow metabolism 1, sharp paws
a: Renounce Religion, Evoke Berserk Rage


You were on level 14 of the Dungeon.
You worshipped Xom.
You were a plaything of Xom.
You were very full.

You visited 1 branch of the dungeon, and saw 14 of its levels.
You also visited: Trove, Sewer and Bailey.

You collected 1201 gold pieces.
You spent 299 gold pieces at shops.

Inventory:

Missiles
 n - 425 arrows
Jewellery
 d - an amulet of rage (around neck)
 r - a +1 ring of protection (right paw)
 u - an uncursed ring of poison resistance
 y - a cursed amulet of inaccuracy
 F - an uncursed ring of attention
 H - a +5 amulet of reflection
 I - a ring of stealth (left paw)
 O - an uncursed ring of see invisible {unknown}
Wands
 m - a wand of flame (19)
 C - a wand of paralysis (3)
 J - a wand of disintegration (5)
 K - a wand of clouds (12)
 L - a wand of acid (12)
 M - a wand of scattershot (13)
 N - a wand of polymorph (8)
 P - a wand of iceblast (7)
Scrolls
 b - 5 scrolls of remove curse {@r2}
 c - 4 scrolls of magic mapping
 f - 10 scrolls of teleportation {@r3}
 g - 6 scrolls of amnesia
 i - 7 scrolls of enchant weapon
 k - 4 scrolls of blinking
 l - a scroll of fear
 o - 4 scrolls of fog
 s - 8 scrolls of enchant armour
 z - 2 scrolls of vulnerability
 D - 2 scrolls of noise
 E - 2 scrolls of immolation
 Q - a scroll of torment {unknown}
Potions
 e - 10 potions of curing {@q1}
 h - 3 potions of agility
 j - 2 potions of flight
 p - 2 potions of resistance
 q - 4 potions of heal wounds
 t - 2 potions of lignification {unknown}
 v - 3 potions of haste {unknown}
 x - 3 potions of mutation
 A - a potion of brilliance
 B - a potion of invisibility
Books
 w - a manual of Fighting
Miscellaneous
 G - 2 sacks of spiders
Comestibles
 a - 22 rations


   Skills:
 + Level 12.9 Fighting
 * Level 14.2 Dodging
 + Level 13.3 Unarmed Combat
 - Level 6.0 Spellcasting
 * Level 5.8 Hexes
 - Level 2.0 Transmutations
 - Level 5.0 Evocations


You had 7 spell levels left.
You knew the following spells:

 Your Spells              Type           Power        Failure   Level  Hunger
a - Cause Fear            Hex            ####......   12%         4    ####...
b - Silence               Hex/Air        ###.......   71%         5    #####..
c - Yara's Violent Unrav  Hex/Tmut       ###.......   56%         5    #####..
d - Slow                  Hex            ####....     1%          2    None

Your spell library contained the following spells:

 Spells                   Type           Power        Failure   Level  Hunger
 Corona                   Hex            ####...      1%          1    None
 Inner Flame              Hex/Fire       ###.....     12%         3    ##.....
 Flame Tongue             Conj/Fire      #....        13%         1    None
 Throw Flame              Conj/Fire      #.....       19%         2    None
 Conjure Flame            Conj/Fire      #.......     36%         3    ##.....
 Leda's Liquefaction      Hex/Erth       ###.......   36%         4    ####...
 Sticky Flame             Conj/Fire      #.......     77%         4    ####...
 Bolt of Magma            Conj/Fire/Erth #.........   98%         5    #####..
 Fireball                 Conj/Fire      #.........   98%         5    #####..
 Iskenderun's Battlesphe  Conj/Chrm      #.......     98%         5    #####..
 Venom Bolt               Conj/Pois      #.........   98%         5    #####..
 Deflect Missiles         Chrm/Air       #.........   100%        6    #######
 Iron Shot                Conj/Erth      #.........   100%        6    #######
 Orb of Destruction       Conj           #.........   100%        7    #######
 Spellforged Servitor     Conj/Summ      #.........   100%        7    #######
 Discord                  Hex            ####......   100%        8    #######
 Portal Projectile        Hex/Tloc       Unusable     N/A         3    N/A

Dungeon Overview and Level Annotations

Branches:
Dungeon (14/15)            Temple (0/1) D:4            Lair (0/6) D:11
    Orc (0/2) D:11          Sewer (visited)          Bailey (visited)
 Vaults: D:13-14

Altars:
Ashenzari
Dithmenos
Elyvilon
Fedhas
Gozag
Kikubaaqudgha
Makhleb
Okawaru
Ru
Vehumet
Xom
Yredelemnul
Zin

Shops:
D:5 =

Annotations:
D:5 1 runed translucent door
D:9 Harold; inmateoo's ghost, journeyman BaFi
D:10 1 runed translucent door
D:11 exclusion: 2 oklob plants


Innate Abilities, Weirdness & Mutations

You cannot wear armour.
You are incapable of wielding weapons or throwing items.
Your paws allow you to move quietly. (Stealth)
You have sharp claws.
You have razor-sharp teeth.
You have supernaturally acute eyesight. (SInv)
You are carnivorous and can eat meat at any time.
You cover ground quickly.
Your thick and shaggy fur keeps you warm. (AC +3, rC+)
You have a slow metabolism.
Your sharp claws are effective at attacking unaware monsters.
You have a pair of small horns on your head.
You have a somewhat thin skeletal structure. (Dex +2, Stealth)
You possess an exceptional clarity of mind.
Your flesh is cold resistant. (rC+)
You are highly resistant to hostile enchantments. (MR++)
You passively map a small area around you.
You are robust. (+10% HP)


Message History

You see here an arrow.
As you read the scroll of fear, it crumbles to dust.
You assume a fearsome visage.
The centaur warrior looks frightened!
The centaur looks frightened! x2; The centaur resists with some effort.
The centaur looks frightened!
The centaur wields a +0 shortbow.
The centaur shoots an arrow.
The arrow misses you.
There is an open door here.
The centaur unwields a +0 shortbow.
The centaur misses you. The centaur hits you.
* * * LOW HITPOINT WARNING * * *
Aiming: Paralyse
Aim: a centaur (chance to defeat MR: 61%)
The centaur suddenly stops moving!
There is an open door here.
A big kobold comes into view. It is wielding a +0 dagger.
There is an open door here.
The skeletal warrior hits you with a +0 mace!
You die...
Xom laughs nastily!

###....).....# #+#
########c### #.# #.(.# #(#
##.### #.# #(z# #.# ####'##
######.#### #.....# * #* ,
..........######...c.###...
,
######.##..c...'@z...'...#
#.#########.....##### #.#
####'### #.# #....# #.#
#..#.# #.# * * #..###** #.#
,,#..# , * , #..# , * ,
#..# *,


You could see 2 skeletal warriors, a centaur warrior and 2 centaurs.

Vanquished Creatures
  2 centaur warriors
  An ogre mage (D:10)
  2 death yaks (D:9)
  2 two-headed ogres
  Sonja (D:10)
  3 skeletal warriors
  An unseen horror (D:10)
  An orc knight (Bailey)
  A deep elf mage (D:10)
  An orb spider (shapeshifter) (D:12)
  3 ugly things
  A manticore (D:13)
  2 cyclopes
  A centaur zombie (D:14)
  A komodo dragon (D:10)
  6 trolls
  A hornet (D:10)
  A polar bear (D:10)
  2 hippogriffs
  A shadow (D:10)
  4 yaks (D:11)
  2 wyverns
  5 wraiths
  A steam dragon (D:12)
  4 hungry ghosts
  A vampire mosquito (D:8)
  An acid dragon (D:14)
  A water moccasin (D:13)
  3 sky beasts
  8 orc warriors
  6 phantoms
  2 black bears
  An eye of draining (D:11)
  7 ogres
  8 ice beasts
  3 wolves (D:10)
  15 centaurs
  A big kobold (Sewer)
  6 bullfrogs
  A wyvern zombie (D:10)
  A gnoll sergeant (D:6)
  3 scorpions
  13 killer bees
  21 wights
  An electric eel (D:10)
  7 crimson imps
  6 howler monkeys
  5 bullfrog zombies
  12 hounds
  6 human zombies (D:8)
  Crazy Yiuf (D:5)
  7 orc priests
  4 jellies (D:8)
  2 bullfrog skeletons
  6 centaur skeletons
  12 orc wizards
  Ijyb (D:3)
  A human skeleton (D:8)
  11 worker ants
  2 bullfrog simulacra (D:10)
  A centaur simulacrum (D:10)
  A hound zombie (D:7)
  A howler monkey zombie (D:11)
  2 hound skeletons
  21 gnolls
  11 adders
  3 river rats
  4 shadow imps
  4 white imps (D:10)
  2 ufetubi (D:10)
  6 oozes
  3 adder skeletons (D:6)
  An adder zombie (D:7)
  5 dart slugs
  6 leopard geckos
  55 orcs
  4 ball pythons
  8 giant cockroaches
  13 goblins
  6 hobgoblins
  17 jackals
  11 kobolds
  8 quokkas
  5 bats (D:2)
  2 frilled lizards
  A leopard gecko skeleton (D:8)
  2 orc zombies (D:8)
  A quokka zombie (D:5)
  7 rats
447 creatures vanquished.

Vanquished Creatures (collateral kills)
  A polar bear (D:10)
  An orc warrior (D:6)
  An ice beast (D:10)
  A centaur (D:10)
  A hound (D:10)
  A worker ant (D:8)
  An orc (D:6)
  4 kobolds (Sewer)
11 creatures vanquished.

Vanquished Creatures (others)
  2 ugly things
  An ice beast (D:10)
  A centaur (D:8)
  A killer bee (D:8)
  A howler monkey (D:11)
  A gnoll shaman (D:8)
  An orc wizard (D:12)
  A gnoll (D:4)
  4 orcs
  A quokka (D:4)
  A withered plant (D:5)
15 creatures vanquished.

Grand Total: 473 creatures vanquished

Notes
Turn   | Place    | Note
-------+----------+-------------------------------------------
     0 | D:1      | iamserjio the Felid Chaos Knight began the quest for the
                  | Orb.
     0 | D:1      | Reached XP level 1. HP: 10/10 MP: 2/2
    67 | D:1      | XOM: silly message
   159 | D:1      | XOM: severe Erth miscast
   386 | D:1      | XOM: enchant monster (bad)
   413 | D:1      | Reached XP level 2. HP: 14/14 MP: 3/3
   694 | D:1      | XOM is BORED!
   694 | D:1      | XOM: harmless Conj miscast
   874 | D:1      | XOM: harmless Conj miscast
  1009 | D:1      | XOM: harmless Air miscast
  1029 | D:1      | XOM: butterfly on damage
  1033 | D:1      | Reached XP level 3. HP: 10/17 MP: 4/4
  1166 | D:1      | XOM: scenery: create altars
  1360 | D:2      | Reached skill level 4 in Dodging
  1551 | D:2      | Reached XP level 4. HP: 21/21 MP: 5/5
  1790 | D:2      | XOM is BORED!
  1790 | D:2      | XOM: summons 2 hostile demons
  1796 | D:2      | Slain by an ufetubus
  1797 | D:2      | Reached XP level 3. HP: -1/17 MP: 4/4
  1850 | D:2      | XOM: cloud trail
  1897 | D:2      | XOM: 2-stop teleportation journey
  2055 | D:2      | XOM: harmless Tmut miscast
  2176 | D:2      | XOM: harmless Air miscast
  2380 | D:2      | XOM: mild Necr miscast
  2382 | D:2      | XOM: smoke on damage
  2495 | D:3      | XOM: 4-stop teleportation journey
  2560 | D:3      | XOM: smoke on damage
  2599 | D:3      | Reached XP level 4. HP: 19/21 MP: 5/5
  2621 | D:3      | Found a glowing drain.
  2626 | Sewer    | Entered a sewer
  2647 | Sewer    | Reached skill level 5 in Unarmed Combat
  2867 | Sewer    | XOM: stat loss: -1 Str (8/9)
  2906 | Sewer    | Noticed a big kobold
  2922 | Sewer    | XOM: cast spell 'Death Channel'
  2944 | Sewer    | Killed a big kobold
  2944 | Sewer    | Reached skill level 5 in Dodging
  2944 | Sewer    | Reached skill level 1 in Evocations
  2944 | Sewer    | Reached XP level 5. HP: 10/24 MP: 5/7
  2990 | Sewer    | Found a white marble altar of Elyvilon.
  2996 | Sewer    | XOM: harmless Erth miscast
  3164 | Sewer    | XOM: scenery: create altars
  3328 | D:3      | XOM: god gift: helmet {god gift}
  3589 | D:3      | XOM: god gift: 440 gold pieces
  3634 | D:3      | XOM: give mutations
  3634 | D:3      | Gained mutation: Your flesh is heat resistant. (rF+) [Xom's
                  | grace]
  3634 | D:3      | Gained mutation: You have a somewhat thin skeletal
                  | structure. (Dex +2, Stealth) [Xom's grace]
  3634 | D:3      | Gained mutation: You have a pair of small horns on your
                  | head. [Xom's grace]
  3689 | D:3      | Found a shattered altar of Ashenzari.
  3690 | D:3      | Found a sacrificial altar of Ru.
  3692 | D:3      | Noticed Ijyb
  3705 | D:3      | Killed Ijyb
  3858 | D:3      | XOM: cloud trail
  4080 | D:4      | Gained mutation: You are covered in thick fur. (AC +2)
                  | [Felid growth]
  4080 | D:4      | Reached XP level 6. HP: 8/28 MP: 8/8
  4082 | D:4      | XOM: give mutations
  4082 | D:4      | Gained mutation: Your flesh is cold resistant. (rC+) [Xom's
                  | grace]
  4082 | D:4      | Gained mutation: You possess an exceptional clarity of
                  | mind. [Xom's grace]
  4315 | D:4      | XOM: fake destruction
  4418 | D:4      | Found a white marble altar of Elyvilon.
  4418 | D:4      | XOM: 2-stop teleportation journey
  4459 | D:4      | Found a staircase to the Ecumenical Temple.
  4637 | D:4      | Found an iron altar of Okawaru.
  4638 | D:4      | XOM: scenery: create altars
  4654 | D:4      | XOM: cast spell 'Olgreb's Toxic Radiance'
  4680 | D:4      | Reached skill level 6 in Dodging
  4862 | D:4      | XOM: cloud trail
  4879 | D:4      | Found a shadowy altar of Dithmenos.
  4980 | D:4      | Reached XP level 7. HP: 22/31 MP: 10/10
  5306 | D:4      | Found a glowing silver altar of Zin.
  5346 | D:5      | Entered Level 5 of the Dungeon
  5395 | D:5      | Found Sidomaozu's Jewellery Boutique.
  5460 | D:5      | Bought a +1 ring of protection for 39 gold pieces
  5460 | D:5      | Bought an uncursed ring of poison resistance for 260 gold
                  | pieces
  5470 | D:5      | XOM: god gift: 33 gold pieces
  5480 | D:5      | XOM: enchant monster (good)
  5523 | D:5      | Found an ancient bone altar of Kikubaaqudgha.
  5553 | D:5      | XOM: divination: detect creatures
  5561 | D:5      | Reached skill level 7 in Dodging
  5575 | D:5      | XOM: potion effect (haste)
  5842 | D:5      | Found a burning altar of Makhleb.
  5845 | D:5      | Found a shimmering altar of Xom.
  5853 | D:5      | XOM: 1-stop teleportation journey
  5861 | D:5      | Found a runed translucent door.
  5862 | D:5      | Noticed Crazy Yiuf
  5866 | D:5      | XOM: scenery: 1 doors open
  5872 | D:5      | Killed Crazy Yiuf
  5947 | D:5      | XOM: cleaving
  6046 | D:5      | Reached XP level 8. HP: 32/34 MP: 11/11
  6193 | D:5      | XOM: medium Fire miscast
  6329 | D:6      | XOM: divination: magic mapping
  6372 | D:6      | XOM: enchant monster (good)
  6917 | D:6      | Reached skill level 8 in Dodging
  6923 | D:6      | XOM: harmless Tloc miscast
  6931 | D:6      | XOM: god gift: book of Flames
  7338 | D:6      | Found a radiant altar of Vehumet.
  7367 | D:6      | XOM: divination: detect items
  7980 | D:7      | Reached skill level 9 in Dodging
  8323 | D:7      | Reached XP level 9. HP: 17/37 MP: 12/12
  8547 | D:7      | Reached skill level 10 in Unarmed Combat
  9025 | D:8      | XOM: destruction
  9065 | D:8      | XOM: give mutations
  9065 | D:8      | Lost mutation: Your flesh is cold resistant. (rC+) [Xom's
                  | mischief]
  9065 | D:8      | Lost mutation: Your flesh is heat resistant. (rF+) [Xom's
                  | mischief]
  9222 | D:8      | Reached skill level 1 in Spellcasting
  9295 | D:8      | XOM is BORED!
  9295 | D:8      | XOM: medium Summ miscast
  9341 | D:8      | XOM: summons 7 friendly demons
  9424 | D:8      | XOM: 1-stop teleportation journey
  9438 | D:8      | XOM: smoke on damage
  9465 | D:8      | Noticed a two-headed ogre
  9478 | D:8      | Slain by a two-headed ogre
  9479 | D:8      | Reached XP level 8. HP: -4/36 MP: 11/11
  9522 | D:8      | XOM: divine lightning
  9533 | D:8      | XOM: cast spell 'Chain of Chaos'
  9564 | D:8      | XOM: cast spell 'Olgreb's Toxic Radiance'
  9570 | D:8      | Reached skill level 5 in Fighting
  9570 | D:8      | Reached skill level 10 in Dodging
  9570 | D:8      | Reached XP level 9. HP: 28/40 MP: 13/13
  9634 | D:8      | XOM: swap monsters
  9690 | D:8      | XOM: noise
  9705 | D:8      | XOM: summons friendly quasit
  9709 | D:8      | XOM: enchant monster (bad)
  9710 | D:8      | XOM: summons 5 friendly demons
  9740 | D:8      | XOM: silly message
  9745 | D:8      | XOM: noise
  9749 | D:8      | Killed a two-headed ogre
 10138 | D:8      | Reached skill level 5 in Evocations
 10260 | D:8      | XOM: mild Fire miscast
 10605 | D:8      | XOM: harmless Tmut miscast
 10655 | D:8      | XOM: noise
 10874 | D:8      | Reached XP level 10. HP: 46/46 MP: 16/16
 10877 | D:8      | Found a basalt altar of Yredelemnul.
 10893 | D:8      | XOM: god gift: shiny helmet {god gift}
 11306 | D:9      | XOM: butterfly on damage
 11340 | D:9      | XOM: cloud trail
 11369 | D:9      | Found a flagged portal.
 11432 | Bailey   | Entered a bailey
 11435 | Bailey   | XOM: god gift: leather armour {god gift}
 11506 | Bailey   | XOM: god gift: 32 gold pieces
 11523 | Bailey   | XOM: 7-stop teleportation journey
 11775 | Bailey   | Noticed an orc knight
 11792 | Bailey   | Killed an orc knight
 11796 | Bailey   | XOM: summons 3 friendly demons
 11820 | Bailey   | Reached skill level 11 in Dodging
 12057 | D:9      | XOM: god gift: 5 atropa-tipped darts
 12152 | D:9      | Noticed a two-headed ogre
 12161 | D:9      | Killed a two-headed ogre
 12191 | D:9      | XOM: enchant monster (good)
 12266 | D:9      | XOM: 2-stop teleportation journey
 12267 | D:9      | Noticed Harold
 12378 | D:9      | Found a blossoming altar of Fedhas.
 12419 | D:9      | Found an opulent altar of Gozag.
 13052 | D:9      | XOM: god gift: scroll of fog
 13124 | D:10     | Entered Level 10 of the Dungeon
 13124 | D:10     | Noticed Sonja
 13128 | D:10     | Killed Sonja
 13474 | D:10     | Found a runed translucent door.
 13474 | D:10     | Noticed inmateoo's ghost (journeyman BaFi)
 13479 | D:10     | XOM: scenery: 2 fountains blood, 1 doors open
 13498 | D:10     | XOM: cast spell 'Metabolic Englaciation'
 13500 | D:10     | XOM: summons friendly iron imp
 13505 | D:10     | XOM: summons friendly shadow imp
 13542 | D:10     | Noticed a death yak
 13564 | D:10     | Noticed an unseen horror
 13594 | D:9      | Killed a death yak
 13594 | D:9      | Reached skill level 5 in Spellcasting
 13594 | D:9      | Reached XP level 11. HP: 39/52 MP: 19/19
 13737 | D:10     | XOM: potion effect (haste)
 13744 | D:10     | Killed an unseen horror
 13932 | D:10     | Noticed a death yak
 13934 | D:10     | XOM: noise
 13941 | D:10     | XOM: cleaving
 14041 | D:9      | XOM: give mutations
 14041 | D:9      | Lost mutation: You possess an exceptional clarity of mind.
                  | [Xom's mischief]
 14041 | D:9      | Lost mutation: You have a pair of small horns on your head.
                  | [Xom's mischief]
 14336 | D:9      | XOM: cleaving
 14337 | D:9      | XOM: harmless Hex miscast
 14348 | D:9      | Slain by a death yak
 14349 | D:9      | Reached XP level 10. HP: -1/73 MP: 18/18
 14489 | D:9      | XOM: confuse monster(s)
 14496 | D:9      | Killed a death yak
 14496 | D:9      | Reached skill level 12 in Dodging
 14748 | D:10     | XOM: summons 10 friendly demons
 14788 | D:10     | XOM: harmless Chrm miscast
 14823 | D:10     | XOM: 1-stop teleportation journey
 15096 | D:10     | XOM: fog
 15100 | D:9      | XOM: silly message
 15221 | D:10     | XOM: enchant monster (good)
 15222 | D:10     | XOM: divine lightning
 15375 | D:10     | XOM: give mutation
 15495 | D:10     | XOM: give mutations
 15495 | D:10     | Gained mutation: You passively map a small area around you.
                  | [Xom's grace]
 15495 | D:10     | Gained mutation: You are resistant to hostile enchantments.
                  | (MR+) [Xom's grace]
 15509 | D:10     | Noticed an ogre mage
 15519 | D:10     | Killed an ogre mage
 15547 | D:10     | XOM: give mutations
 15547 | D:10     | Gained mutation: You have a pair of small horns on your
                  | head. [Xom's grace]
 15547 | D:10     | Gained mutation: You are robust. (+10% HP) [Xom's grace]
 15547 | D:10     | Gained mutation: You are highly resistant to hostile
                  | enchantments. (MR++) [Xom's grace]
 15547 | D:10     | Gained mutation: You possess an exceptional clarity of
                  | mind. [Xom's grace]
 15617 | D:10     | Noticed a deep elf mage
 15622 | D:10     | Noticed a purple ugly thing
 15623 | D:10     | Killed a deep elf mage
 15623 | D:10     | Reached skill level 10 in Fighting
 15630 | D:10     | Reached XP level 11. HP: 59/59 MP: 19/21
 15644 | D:10     | XOM: potion effect (brilliance)
 15654 | D:10     | XOM: confuse monster(s)
 15655 | D:10     | Killed a purple ugly thing
 15655 | D:10     | XOM: divine lightning
 15719 | D:10     | XOM: noise
 15975 | D:11     | Found a portal to a secret trove of treasure.
 16029 | Trove    | Entered a treasure trove
 16089 | D:11     | XOM: 3-stop teleportation journey
 16118 | D:11     | Reached skill level 13 in Dodging
 16240 | D:11     | XOM: severe Tmut miscast
 16292 | D:11     | XOM: stat loss: -1 Str (8/9)
 16508 | D:11     | XOM: summons friendly shadow imp
 16598 | D:11     | Found a staircase to the Lair.
 16598 | D:11     | Noticed an oklob plant
 16598 | D:11     | Noticed an oklob plant
 16677 | D:11     | XOM: confuse monster(s)
 16987 | D:11     | Noticed a skeletal warrior
 16990 | D:11     | XOM: divination: magic mapping
 16995 | D:11     | XOM: enchant monster (bad)
 17007 | D:11     | Killed a skeletal warrior
 17057 | D:11     | Noticed a skeletal warrior
 17057 | D:11     | Noticed a skeletal warrior
 17071 | D:10     | XOM: cleaving
 17396 | D:10     | XOM: harmless Summ miscast
 17399 | D:10     | Killed a skeletal warrior
 17454 | D:11     | XOM: cast spell 'Summon Ice Beast'
 17463 | D:11     | Killed a skeletal warrior
 17579 | D:11     | Noticed a white ugly thing
 17580 | D:11     | Found a staircase to the Orcish Mines.
 17585 | D:11     | Killed a white ugly thing
 17610 | D:11     | Noticed a white ugly thing
 17617 | D:11     | XOM: confuse monster(s)
 17647 | D:11     | Killed a white ugly thing
 17872 | D:11     | XOM: summons 2 hostile shadow creatures
 18084 | D:12     | XOM: 3-stop teleportation journey
 18085 | D:12     | Noticed a centaur warrior
 18120 | D:12     | Learned a level 4 spell: Cause Fear
 18126 | D:12     | Learned a level 5 spell: Silence
 18232 | D:12     | XOM: harmless Tmut miscast
 18265 | D:12     | Killed a centaur warrior
 18265 | D:12     | Reached skill level 1 in Hexes
 18276 | D:12     | XOM: butterfly on damage
 18277 | D:12     | HP: 1/62 [steam dragon (11)]
 18540 | D:12     | Noticed an orb spider
 18540 | D:12     | a soldier ant changed into an orb spider
 18546 | D:12     | Killed an orb spider
 18577 | D:12     | Noticed a white ugly thing
 18601 | D:12     | XOM: noise
 18601 | D:12     | HP: 1/62 [white ugly thing (34)]
 18601 | D:12     | XOM: butterfly on damage
 18607 | D:12     | Killed a white ugly thing
 18607 | D:12     | Gained mutation: Your thick and shaggy fur keeps you warm.
                  | (AC +3, rC+) [Felid growth]
 18607 | D:12     | Reached XP level 12. HP: 2/67 MP: 22/22
 18611 | D:12     | XOM: medium Tmut miscast
 18642 | D:12     | Gained mutation: Your flesh is cold resistant. (rC+)
                  | [mutagenic glow]
 18748 | D:12     | XOM: silly message
 19289 | D:12     | Learned a level 5 spell: Yara's Violent Unravelling
 19636 | D:13     | Reached skill level 1 in Transmutations
 19867 | D:13     | XOM: swap monsters
 19996 | D:13     | Noticed a centaur warrior
 20000 | D:13     | XOM: swap monsters
 20001 | D:13     | Reached skill level 14 in Dodging
 20001 | D:13     | Reached skill level 5 in Hexes
 20008 | D:13     | Killed a centaur warrior
 20262 | D:13     | Learned a level 2 spell: Slow
 20620 | D:14     | XOM: noise
 20639 | D:14     | Noticed a centaur warrior
 20641 | D:14     | XOM: noise
 20654 | D:14     | Slain by a skeletal warrior

Levels and vault maps discovered:
D:1:      sevenhm_arrival_forest_fort_small_3, layout_basic,
          chequers_serial_rivers_micro_c
D:2:      layout_basic
D:3:      layout_loops_cross, grunt_temple_overflow_open,
          gup_sewer_entry_spiral, first_ration, kennysheep_generic_room_12,
          uniq_ijyb
D:4:      layout_cave_pools, overflow_temple_1_default,
          kennysheep_okawaru_gauntlet, zin_treasury, elyvilon_altar_4,
          minmay_temple_entry_statues_pillars
D:5:      layout_loops_ring, grunt_temple_overflow_champion_of_chaos,
          kiku_gazebo_garden_becter, serial_shops, shop, uniq_crazy_yiuf_cottage
D:6:      layout_basic, nicolae_overflow_crystal_walls
D:7:      layout_basic
D:8:      cheibrodos_barr_body, layout_basic,
          lemuel_mausoleum_altar_yredelemnul, hangedman_little_slice_of_home
D:9:      layout_long_grid, old_standard_altar, kennysheep_mini, enter_bailey_3,
          lightli_fourway_metalbox, uniq_harold
D:10:     minmay_the_grid_square_5x5_3x3
          [minmay_the_grid_square_5x5_half_checkered,
          minmay_the_grid_square_5x5_minibox,
          minmay_the_grid_square_5x5_two_walls_b,
          minmay_the_grid_square_5x5_lines,
          minmay_the_grid_square_5x5_megaprize_open,
          minmay_the_grid_square_5x5_gyroscope,
          minmay_the_grid_square_5x5_fancy_junction,
          minmay_the_grid_square_5x5_minimal,
          minmay_the_grid_square_5x5_six_small], layout_basic, serial_ice,
          serial_ice_d, serial_ice_m, serial_ice_a, serial_ice_o, serial_ice_j,
          serial_ice_c, serial_ice_e, serial_ice_b, serial_ice_f, serial_ice_h,
          hellmonk_ghost_happy_afterlife, uniq_sonja
D:11:     layout_loops_corners, dpeg_oklobed_lair, orc_0_dummy,
          nicolae_trove_entry_columns, lemuel_nasty_fountain
D:12:     layout_rooms, lemuel_flamethrower_2
D:13:     layout_loops_ring, st_stairs_3
D:14:     layout_roguey, hangedman_vaults_entry_quadrant_bands, serial_glass,
          glass_columns_b, glass_columns_b, statue_in_the_mist_lemuel,
          uniq_roxanne

Skill      XL: |  1  2  3  4  5  6  7  8  9 10 11 12 |
---------------+-------------------------------------+-----
Dodging        | 4 5 6 7 10 12 13 14 | 14.2
Unarmed Combat | 4 5 6 8 9 10 12 13 | 13.3
Evocations     | 1 2 3 4 5 |  5.0
Spellcasting   | 2 3 6 |  6.0
Fighting       | 5 6 10 12 | 12.9
Hexes          | 2 5 |  5.8
Transmutations | 2 |  2.0

Action                   |  1- 3 |  4- 6 |  7- 9 | 10-12 || total
-------------------------+-------+-------+-------+-------++-------
Melee: Unarmed           |   148 |   183 |   517 |   826 ||  1674
       Bite              |    11 |    11 |    54 |    78 ||   154
       Punch             |     5 |     5 |    20 |    42 ||    72
       Headbutt          |       |    20 |    86 |   122 ||   228
 Abil: Evoke Berserk Rag |       |     2 |     8 |    20 ||    30
Evoke: Wand              |       |     4 |    20 |    35 ||    59
  Use: Scroll            |     2 |     3 |     2 |    18 ||    25
       Potion            |     2 |     1 |     1 |     2 ||     6
 Stab: Sleeping          |     2 |     4 |     7 |    23 ||    36
       Distracted        |       |       |     2 |     1 ||     3
       Confused          |       |       |     1 |     4 ||     5
       Paralysed         |       |       |       |     6 ||     6
       Petrifying        |       |       |       |     1 ||     1
  Eat: Chunk             |    15 |     8 |    28 |    41 ||    92
Armor: Skin              |     5 |     5 |    15 |    23 ||    48
Dodge: Dodged            |   114 |   177 |   391 |   772 ||  1454

Table legend:
 A = Non-vault XP
 B = Vault XP
 C = Vault XP percentage of total XP
 D = Non-vault monster count
 E = Vault monster count
 F = Vault count percentage of total count
                 A         B        C        D         E       F
            +---------+---------+-------+---------+---------+-------
      Total |   26824 |   11700 |  30.4 |     356 |     105 |  22.8
            +---------+---------+-------+---------+---------+-------
        D:1 |      47 |       0 |   0.0 |      24 |       0 |   0.0
        D:2 |     101 |       0 |   0.0 |      23 |       0 |   0.0
        D:3 |      29 |      81 |  73.6 |      10 |      10 |  50.0
        D:4 |     542 |       4 |   0.7 |      18 |       2 |  10.0
        D:5 |     531 |      92 |  14.8 |      18 |       2 |  10.0
        D:6 |     940 |       0 |   0.0 |      43 |       0 |   0.0
        D:7 |     765 |       0 |   0.0 |      24 |       0 |   0.0
        D:8 |    2863 |    1619 |  36.1 |      46 |      31 |  40.3
        D:9 |    1752 |    2151 |  55.1 |      25 |       8 |  24.2
       D:10 |    2949 |    5633 |  65.6 |      26 |      31 |  54.4
       D:11 |    5824 |       0 |   0.0 |      38 |       0 |   0.0
       D:12 |    4684 |       0 |   0.0 |      22 |       0 |   0.0
       D:13 |    4077 |     556 |  12.0 |      27 |       1 |   3.6
       D:14 |    1720 |       0 |   0.0 |      12 |       0 |   0.0
      Sewer |       0 |     136 | 100.0 |       0 |      10 | 100.0
     Bailey |       0 |    1428 | 100.0 |       0 |      10 | 100.0
            +---------+---------+-------+---------+---------+-------
